 Dungeon Crawl Stone Soup version 0.23-a0-241-g3b46b07 (webtiles) character file.

97 PurpleRed the Ruffian (level 4, -1/29 HPs)
             Began as an Octopode Wanderer on Sept 27, 2018.
             Slain by a worm (12 damage)
             ... on level 3 of the Dungeon.
             The game lasted 00:04:48 (1845 turns).

PurpleRed the Ruffian (Octopode Wanderer)           Turns: 1845, Time: 00:04:48

Health: -1/29      AC:  1    Str: 12    XL:     4   Next: 68%
Magic:  7/7        EV: 12    Int: 16    God:
Gold:   108        SH:  0    Dex:  9    Spells: 3/7 levels left

rFire    . . .     SeeInvis .     - Unarmed
rCold    . . .     Gourm    .   (no shield)
rNeg     . . .     Faith    .   (helmet restricted)
rPois    .         Spirit   .   (no amulet)
rElec    .         Reflect  .   (no ring)
rCorr    .         Harm     .   (no ring)
MR       .....                  (no ring)
Stlth    +++.......             (no ring)
HPRegen  0.09/turn              (no ring)
MPRegen  0.10/turn              (no ring)
                                (no ring)
                                (no ring)

@: lethally poisoned (-1 -> -4)
A: almost no armour, stealthy swim, amphibious, 8 rings, constrict 8, camouflage
1, gelatinous body 1
a: no special abilities


You were on level 3 of the Dungeon.
You were not hungry.

You visited 1 branch of the dungeon, and saw 3 of its levels.

You collected 108 gold pieces.

Inventory:

Hand Weapons
 e - a +0 club
 f - a +0 dagger
Missiles
 n - 24 arrows
Wands
 q - a wand of flame (14)
Scrolls
 b - a scroll of blinking
 c - 4 scrolls of identify
 h - a scroll of magic mapping
 j - 2 scrolls of remove curse
 k - a scroll of amnesia
 p - a scroll of fear {unknown}
Potions
 a - 2 potions of haste
 d - a potion of lignification
 i - a potion of agility
 l - a potion of brilliance {unknown}
 o - a potion of degeneration {unknown}
Comestibles
 g - 4 rations
 m - 2 chunks of flesh


   Skills:
 + Level 2.1 Fighting
 - Level 1.0 Dodging
 - Level 2.6 Stealth
 * Level 5.3 Unarmed Combat
 - Level 2.0 Spellcasting
   Level 1.0 Necromancy


You had 3 spell levels left.
You knew the following spells:

 Your Spells              Type           Power        Failure   Level  Hunger
a - Flame Tongue          Conj/Fire      #....        21%         1    #......
b - Dazzling Spray        Conj/Hex       #.....       52%         3    ###....

Your spell library contained the following spells:

 Spells                   Type           Power        Failure   Level  Hunger


Dungeon Overview and Level Annotations

Branches:
Dungeon (3/15)

Altars:


Innate Abilities, Weirdness & Mutations

You cannot wear most types of armour.
You are very stealthy in the water. (Stealth+)
You are amphibious.
You can wear up to eight rings at the same time.
You can use your tentacles to constrict eight enemies at once.
Your skin changes colour to match your surroundings (Stealth+).
Your rubbery body absorbs attacks. (AC +1, EV +1)


Message History

The kobold shoots a poisoned needle.
The poisoned needle hits you!
You are more poisoned.
You feel sick.
You feel sick.
You feel sick.
You feel sick.
You feel sick.
You feel sick.
You feel sick.
You feel sick.
You feel sick.
You feel sick.
You feel sick.
You feel sick.
You feel sick.
You feel sick.
You tentacle-slap the worm. You grab the worm.
The worm is moderately wounded.
You constrict the worm. The worm bites you!
You die...

####.....#
.........#
#.........# #
#.........#.#
#.......(.#.#
#.........(.#
#.........###
#..........##
#........@..#####
.....#.##w.....#
.....#.##.####.#
######.##.#.<#.#
#.##.##.#.#
#.##....#.#
#.#######.#
#........[#
###########


You could see a worm.

Vanquished Creatures
  3 adders (D:2)
  An ooze (D:1)
  An adder skeleton (D:3)
  4 dart slugs
  A leopard gecko (D:1)
  A ball python (D:2)
  2 giant cockroaches
  4 goblins
  7 hobgoblins
  3 jackals (D:1)
  6 kobolds
  A quokka (D:2)
  7 bats
  2 frilled lizards
  9 rats
52 creatures vanquished.

Notes
Turn   | Place    | Note
-------+----------+-------------------------------------------
     0 | D:1      | PurpleRed the Octopode Wanderer began the quest for the
                  | Orb.
     0 | D:1      | PurpleRed set off with: a potion of haste, a scroll of
                  | blinking, a potion of lignification, a +0 club, a +0
                  | dagger, a ration
     0 | D:1      | Reached XP level 1. HP: 11/11 MP: 3/3
   110 | D:1      | Reached XP level 2. HP: 8/18 MP: 5/5
   281 | D:1      | Reached skill level 1 in Fighting
   427 | D:1      | Reached XP level 3. HP: 23/23 MP: 6/6
   431 | D:1      | Learned a level 1 spell: Flame Tongue
   435 | D:1      | Learned a level 3 spell: Dazzling Spray
  1143 | D:2      | Reached skill level 5 in Unarmed Combat
  1205 | D:2      | Reached XP level 4. HP: 25/29 MP: 7/7
  1845 | D:3      | Slain by a worm

Vault maps used:
D:1:      dpeg_arrival_pits, minmay_cut_off
D:2:      minmay_tree_intersection
D:3:      first_ration

Skill      XL: |  1  2  3  4 |
---------------+-------------+-----
Fighting       | 1 2 |  2.1
Unarmed Combat | 5 |  5.3
Dodging        | |  1.0
Stealth        | |  2.6
Spellcasting   | |  2.0
Necromancy     | |  1.0

Action                   |  1- 3 |  4- 6 || total
-------------------------+-------+-------++-------
Melee: Unarmed           |    73 |    33 ||   106
       Constrict         |    19 |     7 ||    26
       Tentacles         |    13 |     4 ||    17
       Club              |     1 |       ||     1
       Punch             |     4 |       ||     4
 Cast: Dazzling Spray    |     1 |       ||     1
  Use: Scroll            |     5 |       ||     5
 Stab: Sleeping          |     4 |     3 ||     7
  Eat: Chunk             |     1 |     2 ||     3
Armor: Skin              |     4 |     2 ||     6
Dodge: Dodged            |    58 |    17 ||    75

Table legend:
 A = Non-vault XP
 B = Vault XP
 C = Vault XP percentage of total XP
 D = Non-vault monster count
 E = Vault monster count
 F = Vault count percentage of total count
                 A         B        C        D         E       F
            +---------+---------+-------+---------+---------+-------
      Total |     132 |       7 |   5.0 |      49 |       3 |   5.8
            +---------+---------+-------+---------+---------+-------
        D:1 |      52 |       7 |  11.9 |      25 |       3 |  10.7
        D:2 |      75 |       0 |   0.0 |      23 |       0 |   0.0
        D:3 |       5 |       0 |   0.0 |       1 |       0 |   0.0
            +---------+---------+-------+---------+---------+-------
